 Dungeon Crawl Stone Soup version 0.21.1-1-g345015f (webtiles) character file.

303 Fang the Skirmisher (level 6, -3/39 HPs)
             Began as a Gargoyle Berserker on May 23, 2018.
             Was a Believer of Trog.
             Slain by Natasha (7 damage)
             ... on level 4 of the Dungeon.
             The game lasted 00:02:57 (3486 turns).

Fang the Skirmisher (Gargoyle Berserker)            Turns: 3486, Time: 00:02:58

Health: -3/39      AC:  6    Str: 22    XL:     6   Next: 38%
Magic:  6/6        EV: 12    Int:  8    God:    Trog [**....]
Gold:   114        SH:  0    Dex:  9    Spells: 5/5 levels left

rFire    . . .     SeeInvis .   a - +0 hand axe
rCold    . . .     Gourm    .   (no shield)
rNeg     + . .     Faith    .   b - +0 animal skin
rPois    ∞         Spirit   .   (no helmet)
rElec    +         Reflect  .   (no cloak)
rCorr    .         Harm     .   (no gloves)
MR       .....                  (no boots)
Stlth    +.........             (no amulet)
HPRegen  0.13/turn              (no ring)
MPRegen  0.10/turn              (no ring)

@: berserk cooldown, slowed, very slow
A: negative energy resistance 1, electricity resistance, unbreathing,
petrification resistance, rot immunity, AC +4
a: Berserk, Trog's Hand, Burn Spellbooks, Renounce Religion


You were on level 4 of the Dungeon.
You worshipped Trog.
Trog was pleased with you.
You were very hungry.

You visited 1 branch of the dungeon, and saw 4 of its levels.

You collected 114 gold pieces.

Inventory:

Hand Weapons
 a - a +0 hand axe (weapon)
Armour
 b - a +0 animal skin (worn)
Jewellery
 i - an uncursed amulet of rage {unknown}
 l - a +2 ring of dexterity {unknown}
 p - an uncursed ring of protection from magic {unknown}
Scrolls
 f - a scroll of immolation {unknown}
 g - 2 scrolls of amnesia {unknown}
 h - 2 scrolls of fog {unknown}
 j - 2 scrolls of identify {unknown}
 k - 2 scrolls of enchant armour {unknown}
 m - a scroll of enchant weapon {unknown}
 o - 2 scrolls of teleportation {unknown}
 s - a scroll of noise {unknown}
Potions
 d - 2 potions of curing
 e - a potion of magic {unknown}
 n - a potion of heal wounds {unknown}
 q - a potion of haste {unknown}
 r - a potion of agility
 t - 2 potions of resistance {unknown}
Comestibles
 c - 4 rations


   Skills:
 + Level 4.7 Fighting
 + Level 4.6 Axes
 + Level 2.2 Armour
 + Level 3.0 Dodging
 + Level 1.1 Stealth


You had 5 spell levels left.
You didn't know any spells.

Dungeon Overview and Level Annotations

Branches:
Dungeon (4/15)
 Temple: D:4-7

Altars:

Annotations:
D:4 Natasha


Innate Abilities, Weirdness & Mutations

You are resistant to torment.
Your stone body is resilient. (AC +4)
You are immune to poison.
You resist negative energy. (rN+)
You are resistant to electric shocks. (rElec)
You can survive without breathing.
You are immune to petrification.
You are immune to rotting.


Message History

Trog accepts your kill.
Trog appreciates your killing of a magic user.
Natasha screams in fury as she dies!
The crimson imp disappears in a puff of smoke!
You are starving!
Natasha, Servant of Life and Death comes into view.
Natasha drinks a potion.
Natasha suddenly seems more agile.
You see here a dart slug corpse.
You butcher the dart slug corpse.
Eat one of 2 chunks of flesh? (ye/n/q)
You eat one of the 2 chunks of flesh.
This raw flesh tastes terrible.
You are feeling very hungry.
Natasha stares at you and mumbles some strange words.
The magic dart hits you!
* * * LOW HITPOINT WARNING * * *
Natasha closely misses you. Natasha claws you.
* * * LOW HITPOINT WARNING * * *
Natasha claws you!
You die...

................#
............###.#
...#####..### ## .#
.## ##.### .###.#
#...## ##.....#.
###..####........
##..##......... ##
##.#..........
....#..@[(......).
........h.........
......#..%........
.......#..#........
..........##.....#.
..........# ######
..........#
.....#...#
....#.(.#


You could see Natasha.

Vanquished Creatures
  An ice beast (D:2)
  Natasha (D:4)
  8 gnolls
  5 adders
  An ooze (D:3)
  A worm (D:3)
  2 dart slugs
  An orc (D:3)
  6 bats
  3 giant cockroaches
  2 goblins
  9 hobgoblins
  3 jackals (D:2)
  4 frilled lizards
  4 kobolds
  11 rats
62 creatures vanquished.

Notes
Turn   | Place    | Note
-------+----------+-------------------------------------------
     0 | D:1      | Fang the Gargoyle Berserker began the quest for the Orb.
     0 | D:1      | Reached XP level 1. HP: 14/14 MP: 1/1
   349 | D:1      | Reached XP level 2. HP: 17/19 MP: 2/2
  1138 | D:2      | Reached XP level 3. HP: 3/24 MP: 3/3
  1405 | D:2      | Reached ** piety under Trog
  1409 | D:2      | Reached XP level 4. HP: 20/29 MP: 4/4
  2444 | D:3      | Reached XP level 5. HP: 34/34 MP: 5/5
  2675 | D:3      | Noticed an ice beast
  2699 | D:2      | Killed an ice beast
  2699 | D:2      | Reached skill level 1 in Stealth
  2699 | D:2      | Reached XP level 6. HP: 18/39 MP: 6/6
  3460 | D:4      | Noticed Natasha
  3478 | D:4      | Killed Natasha
  3480 | D:4      | Noticed Natasha
  3486 | D:4      | Slain by Natasha

Skill      XL: |  1  2  3  4  5  6 |
---------------+-------------------+-----
Axes           | 3 4 |  4.6
Fighting       | 4 |  4.7
Dodging        | 2 3 |  3.0
Stealth        | 1 |  1.1
Armour         | |  2.2

Action                   |  1- 3 |  4- 6 || total
-------------------------+-------+-------++-------
Melee: Hand axe          |    92 |   130 ||   222
Invok: Berserk           |     2 |     3 ||     5
 Stab: Sleeping          |       |     1 ||     1
  Eat: Chunk             |     2 |    10 ||    12
Armor: Animal skin       |    34 |    44 ||    78
Dodge: Dodged            |    70 |    96 ||   166
